AoeStats
← LILtrashbucket

Arabia

510236409Analyzed
1v1 RM · 2d ago on Sep 30, 2026· 57m 7s· 2 players
Game mode
Random Map
Map size
Tiny (2 player)
Population
200
Speed
Normal
Resources
Standard
Victory
Conquest
Starting age
Dark Age
Ending age
Imperial Age
RankedLock teamsTeams togetherTeam positionsShared explorationLock speedFull tech treeHidden civsTurbo modeCheats
Victory
Defeat
🇺🇸 Britons · United States
1296
+19
🇺🇸 Magyars · United States
1371
-19
LILtrashbucket
10:04 Feudal Age
10:44 Loom
13:14 Double-Bit Axe
16:29 Fletching
17:36 Padded Archer Armor
21:43 Castle Age
19:36 Horse Collar
22:29 Bodkin Arrow
23:00 Gold Mining
22:40 Crossbowman
24:12 Leather Archer Armor
34:43 Stone Mining
36:20 Ballistics
39:42 Imperial Age
39:33 Wheelbarrow
39:48 Town Watch
40:51 Conscription
41:14 Yeomen
41:02 Bracer
41:58 Arbalester
44:37 Gold Shaft Mining
46:10 Chemistry
45:18 Heavy Plow
45:43 Heavy Plow
46:33 Onager
47:27 Guilds
47:38 Husbandry
48:19 Hand Cart
48:24 Bow Saw
48:55 Cavalier
48:59 Light Cavalry
49:56 Forging
49:53 Scale Barding Armor
50:18 Ring Archer Armor
49:57 Siege Engineers
51:41 Hoardings
52:14 Iron Casting
52:30 Chain Barding Armor
53:16 Town Patrol
SLAMPIG
7:02 Loom
9:19 Feudal Age
9:23 Man-at-Arms
10:15 Double-Bit Axe
19:19 Town Watch
21:47 Castle Age
21:22 Fletching
22:50 Bow Saw
22:56 Bloodlines
24:01 Bodkin Arrow
25:18 Scale Barding Armor
26:36 Husbandry
26:46 Padded Archer Armor
30:34 Ballistics
30:59 Chain Barding Armor
34:22 Horse Collar
39:35 Imperial Age
38:37 Wheelbarrow
38:53 Leather Archer Armor
38:47 Elite Skirmisher
39:24 Light Cavalry
40:02 Town Watch
40:01 Cavalier
41:07 Hand Cart
44:10 Thumb Ring
44:36 Ring Archer Armor
44:11 Bracer
45:52 Hussar
48:06 Heavy Plow
49:18 Two-Man Saw
50:23 Plate Barding Armor
51:43 Murder Holes
52:48 Chemistry
54:55 Pikeman
Connection lost

Rejoining the realm…

Still unreachable

The connection could not be restored.

Session expired

The server has moved on; the page needs a fresh start.